 Dungeon Crawl Stone Soup version 0.28-a0-1493-g08698888e4 (webtiles) character file.

Game seed: 10742360057221204836

111 fragbeetle the Slinger (level 4, -3/34 HPs)
             Began as a Gnoll Wanderer on Jan 13, 2022.
             Was a Believer of Sif Muna.
             Slain by a gnoll (6 damage)
             ... on level 3 of the Dungeon.
             The game lasted 00:07:54 (2594 turns).

fragbeetle the Slinger (Gnoll Wanderer)             Turns: 2594, Time: 00:07:55

Health: -3/34      AC:  5    Str: 11    XL:     4   Next: 92%
Magic:  8/8        EV: 11    Int: 13    God:    Sif Muna [**....]
Gold:   121        SH:  0    Dex: 12    Spells: 5/9 levels left

rFire   + + .      SeeInvis .   a - +0 falchion
rCold   . . .      Faith    .   (no shield)
rNeg    . . .      Spirit   .   k - +0 leather armour
rPois   .          Reflect  .   (no helmet)
rElec   .          Harm     .   (no cloak)
rCorr   .          Rampage  .   (no gloves)
Will    .....                   l - +0 pair of boots "Domei" {rF++}
Stlth   +.........              (no amulet)
HPRegen 0.11/turn               (no ring)
MPRegen 0.11/turn               (no ring)

@: no status effects
A: fangs 1, strong nose, distributed training
a: Renounce Religion, Channel Magic


You were on level 3 of the Dungeon.
You worshipped Sif Muna.
Sif Muna was pleased with you.
You visited 1 branch of the dungeon, and saw 3 of its levels.

You collected 121 gold pieces.

Inventory:

Hand Weapons
 a - a +0 falchion (weapon)
 b - a +0 vorpal hunting sling
 d - a +0 dagger
 n - a +0 short sword
Missiles
 g - 44 sling bullets
 i - 82 stones (quivered)
 t - 8 poisoned darts
Armour
 c - a +0 ring mail
 k - a +0 leather armour (worn)
 l - the +0 pair of boots "Domei" (worn) {rF++}
   (You found it on level 2 of the Dungeon)

   rF:        It greatly protects you from fire.
Jewellery
 p - a ring of ice
Scrolls
 f - 2 scrolls of teleportation {unknown}
 j - a scroll of fear {unknown}
 o - a scroll of immolation {unknown}
 q - a scroll of amnesia {unknown}
 s - a scroll of noise {unknown}
 v - a scroll of identify {unknown}
Potions
 e - a potion of lignification {unknown}
 h - 2 potions of curing {unknown}
 m - a potion of invisibility {unknown}
 r - a potion of heal wounds {unknown}
 u - a potion of flight {unknown}


   Skills:
 + Level 2.8 Fighting
 + Level 1.2 Short Blades
 + Level 1.2 Long Blades
 + Level 1.2 Axes
 + Level 1.2 Maces & Flails
 + Level 1.2 Polearms
 + Level 1.2 Staves
 + Level 8.6 Slings
 + Level 1.2 Bows
 + Level 1.2 Crossbows
 + Level 1.2 Throwing
 + Level 6.6 Armour
 + Level 1.2 Dodging
 + Level 1.2 Stealth
 + Level 1.2 Shields
 + Level 1.2 Unarmed Combat
 + Level 3.0 Spellcasting
 + Level 1.0 Conjurations
 + Level 1.0 Hexes
 + Level 1.0 Summonings
 + Level 2.3 Necromancy
 + Level 1.0 Translocations
 + Level 1.0 Transmutations
 + Level 1.0 Fire Magic
 + Level 1.0 Ice Magic
 + Level 1.0 Air Magic
 + Level 1.0 Earth Magic
 + Level 1.0 Poison Magic
 + Level 1.4 Invocations
 + Level 1.2 Evocations


You had 5 spell levels left.
You knew the following spells:

 Your Spells              Type           Power      Damage    Failure   Level
a - Pain                  Necr           32%        1d5       11%         1
b - Ozocubu's Armour      Ice            4%         N/A       50%         3

Your spell library contained the following spells:

 Spells                   Type           Power      Damage    Failure   Level
 Slow                     Hex            16%        N/A       19%         1
 Vampiric Draining        Necr           8%         2d6       32%         3
 Confusing Touch          Hex            4%         N/A       50%         3
 Metabolic Englaciation   Hex/Ice        2%         N/A       99%         5
 Simulacrum               Ice/Necr       3%         N/A       100%        6


Dungeon Overview and Level Annotations

Branches:
Dungeon (3/15)

Altars:
Kikubaaqudgha
Sif Muna
Wu Jian


Innate Abilities, Weirdness & Mutations

You have very sharp teeth.
Your uncanny sense of smell can sniff out nearby items.
Your experience applies equally to all skills.


Message History

Found a scroll labelled YPTABL LOLO.
The dart slug launches a dart at you. The slug dart hits you.
You slash the dart slug!
The dart slug is almost dead.
The dart slug barely misses you.
You hit the dart slug.
You kill the dart slug!
Sif Muna accepts your kill.
v - a scroll labelled YPTABL LOLO
Casting: Pain (safe; 11% risk of failure)
Confirm with . or Enter, or press ? or * to list all spells.
Okay, then. 2 gnolls come into view.
The gnoll shouts!
You hear a shout!
The gnoll shouts!
A gnoll comes into view. It is wielding a +0 spear.
The gnoll moves out of view.
A gnoll comes into view. It is wielding a +0 halberd.
You barely miss the gnoll. The gnoll hits you with a +0 spear.
The gnoll closely misses you.
You barely miss the gnoll.
The gnoll hits you from afar with a +0 halberd!
The gnoll barely misses you.
You hit the gnoll.
The gnoll is lightly wounded.
The gnoll hits you with a +0 spear. The gnoll misses you.
You closely miss the gnoll. Your bite misses the gnoll.
The gnoll is lightly wounded.
The gnoll hits you with a +0 flail! The gnoll barely misses you. x2
You closely miss the gnoll.
The gnoll is lightly wounded.
The gnoll barely misses you. x3
You barely miss the gnoll. The gnoll barely misses you.
The gnoll closely misses you. The gnoll misses you.
The gnoll barely misses you. The gnoll hits you with a +0 flail!
* * * LOW HITPOINT WARNING * * *
You hit the gnoll. Your bite misses the gnoll.
The gnoll is lightly wounded.
The gnoll hits you from afar with a +0 halberd.
You die...

#.###..#.#.#.#
#......#.#.#.#
.######.#.#.#.###
..........#.....#
.######.###....##
#........#....#
#.#....#.#....#
#.#.####.#....# #.#@#
#.#....#
#.#ggg.#.#.<..#
#.######.#....##
#.#......#.>...#
#.#.######...###
#####..............#
.........########.###
########## #.# #.#
#.#


You could see 3 gnolls.

Vanquished Creatures
  Terence (D:2)
  2 adders
  4 dart slugs
  6 bats
  3 endoplasms
  2 giant cockroaches
  6 goblins
  8 hobgoblins
  4 kobolds
  3 quokkas
  5 ball pythons
  8 frilled lizards
  5 rats
57 creatures vanquished.

Notes
Turn   | Place    | Note
-------+----------+-------------------------------------------
     0 | D:1      | fragbeetle the Gnoll Wanderer began the quest for the Orb.
     0 | D:1      | fragbeetle set off with the following items: a +0 vorpal
                  | hunting sling, 20 sling bullets, a +0 ring mail; and the
                  | following spell memorised: Pain; and the following spells
                  | available to memorise: Vampiric Draining
     0 | D:1      | Reached XP level 1. HP: 17/17 MP: 4/4
   188 | D:1      | Reached XP level 2. HP: 20/23 MP: 0/5
  1069 | D:1      | Reached XP level 3. HP: 27/28 MP: 7/7
  1069 | D:1      | Found a faded altar of an unknown god.
  1072 | D:1      | Prayed at the altar of an unknown god.
  1072 | D:1      | Became a worshipper of Sif Muna the Loreminder
  1072 | D:1      | Reached * piety under Sif Muna
  1342 | D:2      | Identified the +0 pair of boots "Domei" {rF++}
  1367 | D:2      | Reached skill level 1 in Invocations
  1472 | D:2      | Reached skill level 1 in Short Blades
  1472 | D:2      | Reached skill level 1 in Long Blades
  1472 | D:2      | Reached skill level 1 in Axes
  1472 | D:2      | Reached skill level 1 in Maces & Flails
  1472 | D:2      | Reached skill level 1 in Polearms
  1472 | D:2      | Reached skill level 1 in Staves
  1472 | D:2      | Reached skill level 1 in Bows
  1472 | D:2      | Reached skill level 1 in Crossbows
  1472 | D:2      | Reached skill level 1 in Throwing
  1472 | D:2      | Reached skill level 1 in Dodging
  1472 | D:2      | Reached skill level 1 in Stealth
  1472 | D:2      | Reached skill level 1 in Shields
  1472 | D:2      | Reached skill level 1 in Unarmed Combat
  1472 | D:2      | Reached skill level 1 in Evocations
  1696 | D:2      | Noticed Terence
  1707 | D:2      | Killed Terence
  1708 | D:2      | Reached XP level 4. HP: 31/34 MP: 8/8
  1868 | D:2      | Learned a level 3 spell: Ozocubu's Armour
  1888 | D:3      | Found an ancient bone altar of Kikubaaqudgha.
  1912 | D:3      | Reached skill level 1 in Conjurations
  1912 | D:3      | Reached skill level 1 in Hexes
  1912 | D:3      | Reached skill level 1 in Summonings
  1912 | D:3      | Reached skill level 1 in Translocations
  1912 | D:3      | Reached skill level 1 in Transmutations
  1912 | D:3      | Reached skill level 1 in Fire Magic
  1912 | D:3      | Reached skill level 1 in Ice Magic
  1912 | D:3      | Reached skill level 1 in Air Magic
  1912 | D:3      | Reached skill level 1 in Earth Magic
  1912 | D:3      | Reached skill level 1 in Poison Magic
  1920 | D:3      | Found an ornate altar of the Wu Jian Council.
  1962 | D:3      | Reached ** piety under Sif Muna
  2594 | D:3      | Slain by a gnoll

Illustrated notes

Levels and vault maps discovered:
D:1:      minmay_arrival_widening_spiral_wide, layout_rooms,
          shapermc_ecumenical_altar_mp_vishouse, serial_corexii_hall,
          corexii_hall_statues_i, corexii_hall_statues_l,
          minmay_misc_feat_secret_circle
D:2:      layout_rooms, uniq_terence
D:3:      layout_basic, mainiacjoe_overflow_large_starburst

Skill      XL: |  1  2  3  4 |
---------------+-------------+-----
Necromancy     | 2 |  2.3
Invocations    | 1 |  1.4
Short Blades   | 1 |  1.2
Long Blades    | 1 |  1.2
Axes           | 1 |  1.2
Maces & Flails | 1 |  1.2
Polearms       | 1 |  1.2
Staves         | 1 |  1.2
Bows           | 1 |  1.2
Crossbows      | 1 |  1.2
Throwing       | 1 |  1.2
Dodging        | 1 |  1.2
Stealth        | 1 |  1.2
Shields        | 1 |  1.2
Unarmed Combat | 1 |  1.2
Evocations     | 1 |  1.2
Spellcasting   | 3 |  3.0
Conjurations   | 1 |  1.0
Hexes          | 1 |  1.0
Summonings     | 1 |  1.0
Translocations | 1 |  1.0
Transmutations | 1 |  1.0
Fire Magic     | 1 |  1.0
Ice Magic      | 1 |  1.0
Air Magic      | 1 |  1.0
Earth Magic    | 1 |  1.0
Poison Magic   | 1 |  1.0
Fighting       | |  2.8
Slings         | |  8.6
Armour         | |  6.6

Action                   |  1- 3 |  4- 6 || total
-------------------------+-------+-------++-------
Melee: Short sword       |   122 |     3 ||   125
       Bite              |    12 |     2 ||    14
       Falchion          |       |    66 ||    66
       Punch             |       |     3 ||     3
 Fire: Hunting sling     |    46 |     1 ||    47
 Cast: Pain              |     6 |       ||     6
 Stab: Sleeping          |       |     1 ||     1
Armor: Ring mail         |    39 |       ||    39
       Leather armour    |    10 |    22 ||    32
Dodge: Dodged            |    78 |    61 ||   139

Table legend: (Time is in decaauts)
 A = Elapsed time spent in this place.
 B = Non-inter-level travel time spent in this place.
 C = Inter-level travel time spent in this place.
 D = Time resting spent in this place.
 E = Time spent auto-exploring this place.
 F = Levels seen in this place.
 G = Mean time per level.
                   A        B        C        D        E       F      G
               +--------+--------+--------+--------+--------+-----+--------+
         Total |   2600 |   2579 |     21 |    682 |   1049 |   3 |  866.7 |
       Dungeon |   2600 |   2579 |     21 |    682 |   1049 |   3 |  866.7 |
               +--------+--------+--------+--------+--------+-----+--------+

Top non-repeatable levels by time:
     D:1: 1274 daAuts
     D:3: 717 daAuts
     D:2: 608 daAuts
